Connexion

SEATTLE Kraken vs WASHINGTON Capitals

Created - 27 novembre 2023 at 05:49

Goals
1 2 3 T
SEATTLE Kraken 0 0 1 1
WASHINGTON Capitals 0 1 5 6
Shots
1 2 3 T
SEATTLE Kraken 9 10 8 27
WASHINGTON Capitals 13 7 12 32

GoalsPenalties
1st period
No Goal
Jani Hakanpaa (SEA) for Boarding (Minor) at 14:39
Sean Walker (WAS) for Holding (Minor) at 17:04
2nd period
1. WASHINGTON Capitals , Denis Gurianov 8 (Mikey Eyssimont 9) at 9:48
Alex Killorn (WAS) for Hooking (Minor) at 9:36
Jani Hakanpaa (SEA) for Hooking (Minor) at 9:36
3rd period
2. WASHINGTON Capitals , Shea Theodore 10 (Aleksander Barkov 25, Nikita Kucherov 25) at 0:29
3. SEATTLE Kraken , Vincent Trocheck 7 (Tim Stutzle 7, Alec Martinez 11) at 5:07
4. WASHINGTON Capitals , Brandon Hagel 17 (Frederick Gaudreau 25) at 5:17
5. WASHINGTON Capitals , Shea Theodore 11 (Nikita Kucherov 26, Aleksander Barkov 26) at 7:15
6. WASHINGTON Capitals , Haydn Fleury 4 (Shea Theodore 32, Aleksander Barkov 27) at 9:34 (PP)
7. WASHINGTON Capitals , Alex Killorn 13 (Brandon Hagel 30, Frederick Gaudreau 26) at 11:43
Moritz Seider (SEA) for Holding (Minor) at 8:08
Goalie Stats
Logan Thompson (SEA), 26 saves from 32 shots - (0,813), L, 12-8-0, 60:00 minutes
Jordan Binnington (WAS), 26 saves from 27 shots - (0,963), W, 21-8-5, 60:00 minutes
3 StarsOfficial
1 - Shea Theodore (WAS)
2 - Brandon Hagel (WAS)
3 - Aleksander Barkov (WAS)
Referees : Kerry Fraser and Kelly Sutherland
Linesman : Mark Wheler and Brad Kovachik
Game Note
No Game Note
Finance
Level 1 -- Attendance: 4497 (74,95%) -- Ticket Income 742 005 $
Level 2 -- Attendance: 4104 (77,77%) -- Ticket Income 451 440 $
Level 3 -- Attendance: 1326 (66,30%) -- Ticket Income 112 710 $
Level 4 -- Attendance: 2200 (55,00%) -- Ticket Income 127 600 $
Luxury Box -- Attendance: 1000 (100,00%) -- Ticket Income 250 000 $
Game was played at the Verizon Center.
Total Attendance: 13127 (71,82%)
Total Ticket Income: 1 683 755 $
Other Income: 336 751 $
Total Income: 2 020 506 $



Team Name Goals Shots Shots Attemp Shots Blocked PIM HIT PP PK FO%
SEATTLE Kraken 12753116180 / 1 (0%)144%
WASHINGTON Capitals 6326664191 / 2 (50%)056%

SEATTLE Kraken
Player Name POS G A P +/- PIM HIT SHT SB MP PP MP PP SHT PK MP PK SHT FO% FOT
Alec MartinezD0111000015:130:0000:0000% 0
Alex OvechkinLW000-1042012:450:5800:1600% 1
Andrei KuzmenkoLW000-1002016:160:0000:1000% 0
Auston MatthewsC000-3012221:541:0100:16036% 25
Cody GlassC000100105:480:0000:000100% 1
David PastrnakRW000-3016021:381:0100:0000% 1
Jaccob SlavinD000-5000124:201:0102:1400% 0
Jamie DrysdaleD0000011020:270:5801:1100% 0
Jani HakanpaaD0001421115:390:0000:2800% 0
Jason RobertsonLW/RW000-2022020:131:0100:00067% 3
Joe PavelskiC/LW/RW000-1012017:090:0001:03067% 3
Moritz SeiderD0000211319:580:5800:4300% 0
Rasmus DahlinD000-5020324:201:0102:1400% 0
T.J. OshieC/LW/RW000-1011011:310:0000:00067% 3
Tim StutzleC/LW011100207:470:0001:5900% 0
Trevor ZegrasC000-1011117:380:5800:00053% 17
Vincent TrocheckC101101207:440:0001:56033% 6
Wyatt JohnstonC000-1001014:130:5801:10040% 15
WASHINGTON Capitals
Player Name POS G A P +/- PIM HIT SHT SB MP PP MP PP SHT PK MP PK SHT FO% FOT
Aleksander BarkovC0332012021:221:3500:00062% 26
Alex KillornC/LW/RW1012215016:490:0001:231100% 2
Andreas JohnssonLW/RW000-1012012:451:5000:0000% 1
Brandon HagelLW1122041117:531:5000:3600% 1
Denis GurianovLW/RW1010023012:020:0000:000100% 1
Dryden HuntC/LW000000007:200:0000:00064% 11
Frederick GaudreauC/RW0222011118:071:5000:50057% 14
Givani SmithRW000000306:540:0000:000100% 1
Haydn FleuryD1013002123:461:3410:0500% 0
Jared McCannC/LW0002001021:551:3500:3300% 2
Joel HanleyD0000021020:471:0810:5300% 0
Joel KivirantaLW000000006:540:0000:0000% 0
Mikey EyssimontC/LW0110001012:380:0000:36044% 16
Nick JensenD0000023220:561:1720:5300% 0
Nikita KucherovRW0222013021:221:3500:0000% 0
Sean WalkerD0001220014:250:4300:0000% 0
Shea TheodoreD2133003124:471:3401:0600% 0
Slater KoekkoekD0001021015:180:3401:0110% 0



Play-by-Play

1st period


0:01 of 1st period - Aleksander Barkov wins face-off versus Auston Matthews in neutral zone.
0:17 of 1st period - Shot by Nikita Kucherov.
0:17 of 1st period - Shot Misses the Net.
0:19 of 1st period - Shot by Aleksander Barkov.
0:19 of 1st period - Shot Blocked by Rasmus Dahlin.
0:21 of 1st period - Shot by Nikita Kucherov.
0:21 of 1st period - Shot Blocked by Jaccob Slavin.
0:23 of 1st period - Shot by Shea Theodore.
0:23 of 1st period - Shot Misses the Net.
0:25 of 1st period - Shot by Haydn Fleury.
0:25 of 1st period - Stopped by Logan Thompson with a rebound.
0:27 of 1st period - Shot by Haydn Fleury.
0:27 of 1st period - Shot Misses the Net.
1:39 of 1st period - Shot by Alex Killorn.
1:39 of 1st period - Stopped by Logan Thompson without a rebound.
1:40 of 1st period - Wyatt Johnston wins face-off versus Mikey Eyssimont in SEATTLE Kraken zone.
1:40 of 1st period - Wyatt Johnston is hit by Denis Gurianov.
2:00 of 1st period - Shot by Denis Gurianov.
2:00 of 1st period - Stopped by Logan Thompson without a rebound.
2:01 of 1st period - Dryden Hunt wins face-off versus Vincent Trocheck in SEATTLE Kraken zone.
2:11 of 1st period - Off-side.
2:12 of 1st period - Mikey Eyssimont wins face-off versus Wyatt Johnston in neutral zone.
2:12 of 1st period - Sean Walker is hit by T.J. Oshie and loses puck.
2:16 of 1st period - Off-side.
2:17 of 1st period - Auston Matthews wins face-off versus Frederick Gaudreau in neutral zone.
2:31 of 1st period - Frederick Gaudreau is hit by Rasmus Dahlin and loses puck.
2:34 of 1st period - Shot by Frederick Gaudreau.
2:34 of 1st period - Stopped by Logan Thompson with a rebound.
2:47 of 1st period - Alex Killorn is hit by Rasmus Dahlin and loses puck.
3:19 of 1st period - Jaccob Slavin is hit by Aleksander Barkov and loses puck.
3:32 of 1st period - Shot by Nikita Kucherov.
3:32 of 1st period - Deflect By Aleksander Barkov.
3:32 of 1st period - Stopped by Logan Thompson without a rebound.
3:33 of 1st period - T.J. Oshie wins face-off versus Mikey Eyssimont in SEATTLE Kraken zone.
3:37 of 1st period - Alec Martinez is hit by Denis Gurianov and loses puck.
3:58 of 1st period - Shot by Mikey Eyssimont.
3:58 of 1st period - Deflect By Andreas Johnsson.
3:58 of 1st period - Stopped by Logan Thompson without a rebound.
3:59 of 1st period - Aleksander Barkov wins face-off versus Trevor Zegras in SEATTLE Kraken zone.
4:00 of 1st period - Shot by Jared McCann.
4:00 of 1st period - Stopped by Logan Thompson without a rebound.
4:01 of 1st period - Trevor Zegras wins face-off versus Dryden Hunt in SEATTLE Kraken zone.
4:23 of 1st period - Icing by Slater Koekkoek.
4:24 of 1st period - Cody Glass wins face-off versus Dryden Hunt in WASHINGTON Capitals zone.
4:24 of 1st period - Cody Glass is hit by Sean Walker.
4:42 of 1st period - Shot by Givani Smith.
4:42 of 1st period - Stopped by Logan Thompson without a rebound.
4:43 of 1st period - Trevor Zegras wins face-off versus Aleksander Barkov in SEATTLE Kraken zone.
4:43 of 1st period - Jaccob Slavin is hit by Nikita Kucherov and loses puck.
5:00 of 1st period - Shot by Nikita Kucherov.
5:00 of 1st period - Stopped by Logan Thompson without a rebound.
5:01 of 1st period - Mikey Eyssimont wins face-off versus Wyatt Johnston in SEATTLE Kraken zone.
5:04 of 1st period - Shot by Andreas Johnsson.
5:04 of 1st period - Shot Misses the Net.
5:14 of 1st period - Shot by Wyatt Johnston.
5:14 of 1st period - Shot Blocked by Nick Jensen.
6:04 of 1st period - Trevor Zegras is hit by Andreas Johnsson and loses puck.
6:23 of 1st period - Shot by Andrei Kuzmenko.
6:23 of 1st period - Stopped by Jordan Binnington without a rebound.
6:24 of 1st period - Auston Matthews wins face-off versus Jared McCann in WASHINGTON Capitals zone.
6:30 of 1st period - Shot by David Pastrnak.
6:30 of 1st period - Stopped by Jordan Binnington without a rebound.
6:31 of 1st period - Aleksander Barkov wins face-off versus Auston Matthews in WASHINGTON Capitals zone.
6:36 of 1st period - Shot by Nikita Kucherov.
6:36 of 1st period - Shot Blocked by Jani Hakanpaa.
6:54 of 1st period - Shot by David Pastrnak.
6:54 of 1st period - Stopped by Jordan Binnington without a rebound.
6:55 of 1st period - Vincent Trocheck wins face-off versus Frederick Gaudreau in WASHINGTON Capitals zone.
7:05 of 1st period - Icing by Slater Koekkoek.
7:06 of 1st period - Jason Robertson wins face-off versus Frederick Gaudreau in WASHINGTON Capitals zone.
7:45 of 1st period - Moritz Seider is hit by Frederick Gaudreau and loses puck.
8:11 of 1st period - Icing by Trevor Zegras.
8:12 of 1st period - Trevor Zegras wins face-off versus Aleksander Barkov in SEATTLE Kraken zone.
8:23 of 1st period - Icing by Jaccob Slavin.
8:24 of 1st period - Givani Smith wins face-off versus Trevor Zegras in SEATTLE Kraken zone.
9:39 of 1st period - Shot by Tim Stutzle.
9:39 of 1st period - Stopped by Jordan Binnington with a rebound.
9:41 of 1st period - Shot by Vincent Trocheck.
9:41 of 1st period - Deflect By Tim Stutzle.
9:41 of 1st period - Shot Misses the Net.
10:30 of 1st period - Shot by Jason Robertson.
10:30 of 1st period - Deflect By David Pastrnak.
10:30 of 1st period - Stopped by Jordan Binnington without a rebound.
10:31 of 1st period - Wyatt Johnston wins face-off versus Brandon Hagel in WASHINGTON Capitals zone.
10:34 of 1st period - Shot by Wyatt Johnston.
10:34 of 1st period - Shot Misses the Net.
11:31 of 1st period - Wyatt Johnston is hit by Sean Walker and loses puck.
11:58 of 1st period - Shot by Andreas Johnsson.
11:58 of 1st period - Stopped by Logan Thompson with a rebound.
12:08 of 1st period - Shot by David Pastrnak.
12:08 of 1st period - Stopped by Jordan Binnington without a rebound.
12:09 of 1st period - Trevor Zegras wins face-off versus Dryden Hunt in WASHINGTON Capitals zone.
12:30 of 1st period - Icing by Dryden Hunt.
12:31 of 1st period - Dryden Hunt wins face-off versus Auston Matthews in WASHINGTON Capitals zone.
14:06 of 1st period - Nikita Kucherov is hit by Jani Hakanpaa and loses puck.
14:39 of 1st period - Minor Penalty to Jani Hakanpaa for Boarding.
14:40 of 1st period - Frederick Gaudreau wins face-off versus Vincent Trocheck in SEATTLE Kraken zone.
15:51 of 1st period - Shot by Joel Hanley.
15:51 of 1st period - Stopped by Logan Thompson with a rebound.
16:07 of 1st period - Shot by Slater Koekkoek.
16:07 of 1st period - Shot Misses the Net.
16:38 of 1st period - Icing by Nikita Kucherov.
16:39 of 1st period - Dryden Hunt wins face-off versus Auston Matthews in WASHINGTON Capitals zone.
16:39 of 1st period - Dryden Hunt is hit by Auston Matthews.
16:47 of 1st period - Shot by Dryden Hunt.
16:47 of 1st period - Shot Misses the Net.
17:02 of 1st period - David Pastrnak is hit by Slater Koekkoek and loses puck.
17:04 of 1st period - Minor Penalty to Sean Walker for Holding.
17:05 of 1st period - Frederick Gaudreau wins face-off versus Trevor Zegras in WASHINGTON Capitals zone.
17:27 of 1st period - Frederick Gaudreau is hit by Alex Ovechkin and loses puck.
17:42 of 1st period - Shot by Frederick Gaudreau.
17:42 of 1st period - Shot Misses the Net.
17:44 of 1st period - Shot by Alex Killorn.
17:44 of 1st period - Stopped by Logan Thompson with a rebound.
17:48 of 1st period - Shot by Slater Koekkoek.
17:48 of 1st period - Stopped by Logan Thompson with a rebound.
18:19 of 1st period - Jason Robertson is hit by Joel Hanley and loses puck.
18:24 of 1st period - Shot by Jaccob Slavin.
18:24 of 1st period - Shot Misses the Net.
18:35 of 1st period - Icing by Auston Matthews.
18:36 of 1st period - Auston Matthews wins face-off versus Jared McCann in SEATTLE Kraken zone.
19:31 of 1st period - Shot by Tim Stutzle.
19:31 of 1st period - Shot Misses the Net.
19:33 of 1st period - Shot by Vincent Trocheck.
19:33 of 1st period - Stopped by Jordan Binnington with a rebound.
19:39 of 1st period - Shot by Cody Glass.
19:39 of 1st period - Stopped by Jordan Binnington without a rebound.
19:40 of 1st period - Aleksander Barkov wins face-off versus T.J. Oshie in WASHINGTON Capitals zone.
19:40 of 1st period - Joel Hanley is hit by Alex Ovechkin and loses puck.
19:47 of 1st period - Shot by T.J. Oshie.
19:47 of 1st period - Stopped by Jordan Binnington without a rebound.
19:48 of 1st period - Aleksander Barkov wins face-off versus Wyatt Johnston in WASHINGTON Capitals zone.
Goals for this period are 0 for SEATTLE Kraken vs 0 for WASHINGTON Capitals.
Shots for this period are 9 for SEATTLE Kraken vs 13 for WASHINGTON Capitals.

2nd period


0:01 of 2nd period - Jason Robertson wins face-off versus Aleksander Barkov in neutral zone.
0:06 of 2nd period - Jared McCann is hit by David Pastrnak and loses puck.
0:14 of 2nd period - Icing by Rasmus Dahlin.
0:15 of 2nd period - Frederick Gaudreau wins face-off versus Auston Matthews in SEATTLE Kraken zone.
1:48 of 2nd period - Aleksander Barkov is hit by Jamie Drysdale and loses puck.
1:56 of 2nd period - Icing by Moritz Seider.
1:57 of 2nd period - Trevor Zegras wins face-off versus Mikey Eyssimont in SEATTLE Kraken zone.
4:13 of 2nd period - Shot by Vincent Trocheck.
4:13 of 2nd period - Shot Blocked by Haydn Fleury.
4:15 of 2nd period - Shot by Rasmus Dahlin.
4:15 of 2nd period - Shot Misses the Net.
4:39 of 2nd period - Shot by Joel Kiviranta.
4:39 of 2nd period - Shot Misses the Net.
4:45 of 2nd period - Shot by Dryden Hunt.
4:45 of 2nd period - Shot Blocked by Auston Matthews.
4:47 of 2nd period - Shot by Givani Smith.
4:47 of 2nd period - Shot Misses the Net.
5:07 of 2nd period - Shot by Givani Smith.
5:07 of 2nd period - Stopped by Logan Thompson with a rebound.
5:56 of 2nd period - Trevor Zegras is hit by Nick Jensen and loses puck.
5:59 of 2nd period - Shot by Andrei Kuzmenko.
5:59 of 2nd period - Shot Blocked by Brandon Hagel.
6:07 of 2nd period - Shot by Trevor Zegras.
6:07 of 2nd period - Shot Misses the Net.
6:09 of 2nd period - Shot by Andrei Kuzmenko.
6:09 of 2nd period - Stopped by Jordan Binnington without a rebound.
6:10 of 2nd period - Wyatt Johnston wins face-off versus Mikey Eyssimont in WASHINGTON Capitals zone.
6:32 of 2nd period - Icing by Denis Gurianov.
6:33 of 2nd period - Mikey Eyssimont wins face-off versus Vincent Trocheck in WASHINGTON Capitals zone.
6:50 of 2nd period - Shot by Tim Stutzle.
6:50 of 2nd period - Stopped by Jordan Binnington without a rebound.
6:51 of 2nd period - Auston Matthews wins face-off versus Aleksander Barkov in WASHINGTON Capitals zone.
6:56 of 2nd period - Shot by Jason Robertson.
6:56 of 2nd period - Stopped by Jordan Binnington without a rebound.
6:57 of 2nd period - Aleksander Barkov wins face-off versus Auston Matthews in WASHINGTON Capitals zone.
7:04 of 2nd period - Shot by Nikita Kucherov.
7:04 of 2nd period - Stopped by Logan Thompson without a rebound.
7:05 of 2nd period - Aleksander Barkov wins face-off versus David Pastrnak in SEATTLE Kraken zone.
8:31 of 2nd period - Shot by Jamie Drysdale.
8:31 of 2nd period - Stopped by Jordan Binnington without a rebound.
8:32 of 2nd period - Mikey Eyssimont wins face-off versus Wyatt Johnston in WASHINGTON Capitals zone.
8:51 of 2nd period - Icing by Alec Martinez.
8:52 of 2nd period - Alex Killorn wins face-off versus Wyatt Johnston in SEATTLE Kraken zone.
9:00 of 2nd period - Icing by Jani Hakanpaa.
9:01 of 2nd period - Wyatt Johnston wins face-off versus Frederick Gaudreau in SEATTLE Kraken zone.
9:01 of 2nd period - Wyatt Johnston is hit by Brandon Hagel.
9:17 of 2nd period - Shot by T.J. Oshie.
9:17 of 2nd period - Shot Hit the Post.
9:36 of 2nd period - Minor Penalty to Alex Killorn for Hooking.
9:36 of 2nd period - Minor Penalty to Jani Hakanpaa for Hooking.
9:37 of 2nd period - Auston Matthews wins face-off versus Mikey Eyssimont in SEATTLE Kraken zone.
9:42 of 2nd period - Shot by David Pastrnak.
9:42 of 2nd period - Stopped by Jordan Binnington without a rebound.
9:43 of 2nd period - Mikey Eyssimont wins face-off versus Auston Matthews in WASHINGTON Capitals zone.
9:48 of 2nd period - Shot by Denis Gurianov.
9:48 of 2nd period - Goal by Denis Gurianov - SEATTLE Kraken : 0 - WASHINGTON Capitals : 1.
9:49 of 2nd period - Auston Matthews wins face-off versus Mikey Eyssimont in neutral zone.
10:00 of 2nd period - Shot by Auston Matthews.
10:00 of 2nd period - Deflect By David Pastrnak.
10:00 of 2nd period - Shot Misses the Net.
10:10 of 2nd period - Shot by David Pastrnak.
10:10 of 2nd period - Shot Misses the Net.
10:12 of 2nd period - Shot by Auston Matthews.
10:12 of 2nd period - Deflect By David Pastrnak.
10:12 of 2nd period - Shot Blocked by Shea Theodore.
10:14 of 2nd period - Shot by David Pastrnak.
10:14 of 2nd period - Stopped by Jordan Binnington without a rebound.
10:15 of 2nd period - Mikey Eyssimont wins face-off versus Auston Matthews in WASHINGTON Capitals zone.
10:36 of 2nd period - Shot by Denis Gurianov.
10:36 of 2nd period - Shot Blocked by Moritz Seider.
10:52 of 2nd period - Mikey Eyssimont is hit by Moritz Seider and loses puck.
11:39 of 2nd period - Shot by Nikita Kucherov.
11:39 of 2nd period - Shot Misses the Net.
11:41 of 2nd period - Shot by Jared McCann.
11:41 of 2nd period - Shot Misses the Net.
11:43 of 2nd period - Shot by Aleksander Barkov.
11:43 of 2nd period - Shot Misses the Net.
11:49 of 2nd period - Shot by Jared McCann.
11:49 of 2nd period - Shot Misses the Net.
12:18 of 2nd period - Shot by Aleksander Barkov.
12:18 of 2nd period - Stopped by Logan Thompson with a rebound.
12:38 of 2nd period - Shot by Alex Killorn.
12:38 of 2nd period - Stopped by Logan Thompson without a rebound.
12:39 of 2nd period - Dryden Hunt wins face-off versus Trevor Zegras in SEATTLE Kraken zone.
12:42 of 2nd period - Shot by Givani Smith.
12:42 of 2nd period - Stopped by Logan Thompson without a rebound.
12:43 of 2nd period - Auston Matthews wins face-off versus Frederick Gaudreau in SEATTLE Kraken zone.
12:43 of 2nd period - Auston Matthews is hit by Alex Killorn.
12:59 of 2nd period - Jaccob Slavin is hit by Brandon Hagel and loses puck.
13:10 of 2nd period - Shot by Brandon Hagel.
13:10 of 2nd period - Shot Misses the Net.
13:18 of 2nd period - Shot by Auston Matthews.
13:18 of 2nd period - Stopped by Jordan Binnington with a rebound.
14:06 of 2nd period - Shot by Joe Pavelski.
14:06 of 2nd period - Shot Misses the Net.
14:08 of 2nd period - Shot by Moritz Seider.
14:08 of 2nd period - Shot Blocked by Nick Jensen.
14:10 of 2nd period - Shot by Andrei Kuzmenko.
14:10 of 2nd period - Shot Misses the Net.
14:34 of 2nd period - Shot by Joe Pavelski.
14:34 of 2nd period - Shot Misses the Net.
14:36 of 2nd period - Shot by Joe Pavelski.
14:36 of 2nd period - Stopped by Jordan Binnington without a rebound.
14:37 of 2nd period - T.J. Oshie wins face-off versus Mikey Eyssimont in WASHINGTON Capitals zone.
15:18 of 2nd period - Shot by Andreas Johnsson.
15:18 of 2nd period - Shot Misses the Net.
15:20 of 2nd period - Shot by Mikey Eyssimont.
15:20 of 2nd period - Stopped by Logan Thompson without a rebound.
15:21 of 2nd period - Frederick Gaudreau wins face-off versus Vincent Trocheck in SEATTLE Kraken zone.
15:22 of 2nd period - Shot by Alex Killorn.
15:22 of 2nd period - Shot Misses the Net.
15:28 of 2nd period - Shot by Cody Glass.
15:28 of 2nd period - Shot Misses the Net.
15:30 of 2nd period - Shot by Cody Glass.
15:30 of 2nd period - Shot Misses the Net.
15:32 of 2nd period - Shot by Moritz Seider.
15:32 of 2nd period - Shot Blocked by Frederick Gaudreau.
15:42 of 2nd period - Shot by Moritz Seider.
15:42 of 2nd period - Stopped by Jordan Binnington without a rebound.
15:43 of 2nd period - Aleksander Barkov wins face-off versus Auston Matthews in WASHINGTON Capitals zone.
16:13 of 2nd period - Icing by Nikita Kucherov.
16:14 of 2nd period - Aleksander Barkov wins face-off versus Trevor Zegras in WASHINGTON Capitals zone.
16:45 of 2nd period - Icing by Nikita Kucherov.
16:46 of 2nd period - Aleksander Barkov wins face-off versus Auston Matthews in WASHINGTON Capitals zone.
17:25 of 2nd period - Shot by Jason Robertson.
17:25 of 2nd period - Shot Misses the Net.
18:20 of 2nd period - Shot by Trevor Zegras.
18:20 of 2nd period - Shot Misses the Net.
19:00 of 2nd period - Shot by Alex Ovechkin.
19:00 of 2nd period - Stopped by Jordan Binnington without a rebound.
19:01 of 2nd period - Auston Matthews wins face-off versus Aleksander Barkov in WASHINGTON Capitals zone.
19:40 of 2nd period - Nick Jensen is hit by Jason Robertson and loses puck.
Goals for this period are 0 for SEATTLE Kraken vs 1 for WASHINGTON Capitals.
Shots for this period are 10 for SEATTLE Kraken vs 7 for WASHINGTON Capitals.

3rd period


0:01 of 3rd period - Auston Matthews wins face-off versus Aleksander Barkov in neutral zone.
0:23 of 3rd period - Shot by Nikita Kucherov.
0:23 of 3rd period - Stopped by Logan Thompson with a rebound.
0:27 of 3rd period - Shot by Aleksander Barkov.
0:27 of 3rd period - Shot Blocked by Rasmus Dahlin.
0:29 of 3rd period - Shot by Shea Theodore.
0:29 of 3rd period - Goal by Shea Theodore - SEATTLE Kraken : 0 - WASHINGTON Capitals : 2.
0:30 of 3rd period - Trevor Zegras wins face-off versus Mikey Eyssimont in neutral zone.
0:38 of 3rd period - Shot by Denis Gurianov.
0:38 of 3rd period - Stopped by Logan Thompson without a rebound.
0:39 of 3rd period - Denis Gurianov wins face-off versus Trevor Zegras in SEATTLE Kraken zone.
1:49 of 3rd period - Icing by Jaccob Slavin.
1:50 of 3rd period - Frederick Gaudreau wins face-off versus Auston Matthews in SEATTLE Kraken zone.
2:04 of 3rd period - Off-side.
2:05 of 3rd period - Aleksander Barkov wins face-off versus Wyatt Johnston in neutral zone.
2:10 of 3rd period - Shot by Shea Theodore.
2:10 of 3rd period - Stopped by Logan Thompson with a rebound.
3:48 of 3rd period - David Pastrnak is hit by Joel Hanley and loses puck.
3:59 of 3rd period - Nick Jensen is hit by Joe Pavelski and loses puck.
4:28 of 3rd period - Joe Pavelski is hit by Nick Jensen and loses puck.
4:48 of 3rd period - Andreas Johnsson is hit by Vincent Trocheck and loses puck.
5:07 of 3rd period - Shot by Vincent Trocheck.
5:07 of 3rd period - Goal by Vincent Trocheck - SEATTLE Kraken : 1 - WASHINGTON Capitals : 2.
5:08 of 3rd period - Frederick Gaudreau wins face-off versus Wyatt Johnston in neutral zone.
5:17 of 3rd period - Shot by Brandon Hagel.
5:17 of 3rd period - Goal by Brandon Hagel - SEATTLE Kraken : 1 - WASHINGTON Capitals : 3.
5:18 of 3rd period - Alex Killorn wins face-off versus Auston Matthews in neutral zone.
5:44 of 3rd period - Jason Robertson is hit by Slater Koekkoek and loses puck.
6:01 of 3rd period - Shot by Brandon Hagel.
6:01 of 3rd period - Deflect By Alex Killorn.
6:01 of 3rd period - Stopped by Logan Thompson without a rebound.
6:02 of 3rd period - Trevor Zegras wins face-off versus Aleksander Barkov in SEATTLE Kraken zone.
6:27 of 3rd period - Shot by Trevor Zegras.
6:27 of 3rd period - Stopped by Jordan Binnington with a rebound.
6:29 of 3rd period - Shot by Andrei Kuzmenko.
6:29 of 3rd period - Deflect By Joe Pavelski.
6:29 of 3rd period - Stopped by Jordan Binnington without a rebound.
6:30 of 3rd period - Dryden Hunt wins face-off versus Wyatt Johnston in WASHINGTON Capitals zone.
6:49 of 3rd period - Shot by Alex Ovechkin.
6:49 of 3rd period - Deflect By Wyatt Johnston.
6:49 of 3rd period - Stopped by Jordan Binnington without a rebound.
6:50 of 3rd period - Aleksander Barkov wins face-off versus Auston Matthews in WASHINGTON Capitals zone.
7:09 of 3rd period - Shot by Aleksander Barkov.
7:09 of 3rd period - Shot Misses the Net.
7:11 of 3rd period - Shot by Aleksander Barkov.
7:11 of 3rd period - Shot Misses the Net.
7:13 of 3rd period - Shot by Nikita Kucherov.
7:13 of 3rd period - Shot Blocked by Rasmus Dahlin.
7:15 of 3rd period - Shot by Shea Theodore.
7:15 of 3rd period - Goal by Shea Theodore - SEATTLE Kraken : 1 - WASHINGTON Capitals : 4.
7:16 of 3rd period - Frederick Gaudreau wins face-off versus Trevor Zegras in neutral zone.
7:21 of 3rd period - Shot by Frederick Gaudreau.
7:21 of 3rd period - Shot Hit the Post.
7:33 of 3rd period - Shot by Brandon Hagel.
7:33 of 3rd period - Shot Blocked by Moritz Seider.
7:35 of 3rd period - Shot by Joel Hanley.
7:35 of 3rd period - Shot Misses the Net.
7:37 of 3rd period - Shot by Brandon Hagel.
7:37 of 3rd period - Shot Misses the Net.
7:49 of 3rd period - Shot by Joe Pavelski.
7:49 of 3rd period - Shot Misses the Net.
7:57 of 3rd period - Icing by Andrei Kuzmenko.
7:58 of 3rd period - Trevor Zegras wins face-off versus Aleksander Barkov in SEATTLE Kraken zone.
8:08 of 3rd period - Minor Penalty to Moritz Seider for Holding.
8:09 of 3rd period - Joe Pavelski wins face-off versus Aleksander Barkov in SEATTLE Kraken zone.
9:16 of 3rd period - Shot by Nick Jensen.
9:16 of 3rd period - Stopped by Logan Thompson without a rebound.
9:17 of 3rd period - Joe Pavelski wins face-off versus Andreas Johnsson in SEATTLE Kraken zone.
9:30 of 3rd period - Shot by Nick Jensen.
9:30 of 3rd period - Stopped by Logan Thompson without a rebound.
9:31 of 3rd period - Aleksander Barkov wins face-off versus Joe Pavelski in SEATTLE Kraken zone.
9:32 of 3rd period - Shot by Shea Theodore.
9:32 of 3rd period - Shot Misses the Net.
9:34 of 3rd period - Shot by Haydn Fleury.
9:34 of 3rd period - Goal by Haydn Fleury - SEATTLE Kraken : 1 - WASHINGTON Capitals : 5.
9:35 of 3rd period - Dryden Hunt wins face-off versus Auston Matthews in neutral zone.
10:08 of 3rd period - Shot by Joel Kiviranta.
10:08 of 3rd period - Shot Misses the Net.
10:10 of 3rd period - Shot by Slater Koekkoek.
10:10 of 3rd period - Shot Blocked by Auston Matthews.
10:25 of 3rd period - Icing by Jani Hakanpaa.
10:26 of 3rd period - Aleksander Barkov wins face-off versus Auston Matthews in SEATTLE Kraken zone.
11:25 of 3rd period - Shot by Frederick Gaudreau.
11:25 of 3rd period - Shot Blocked by Trevor Zegras.
11:43 of 3rd period - Shot by Alex Killorn.
11:43 of 3rd period - Goal by Alex Killorn - SEATTLE Kraken : 1 - WASHINGTON Capitals : 6.
11:44 of 3rd period - Mikey Eyssimont wins face-off versus Alex Ovechkin in neutral zone.
12:55 of 3rd period - Icing by Jani Hakanpaa.
12:56 of 3rd period - Aleksander Barkov wins face-off versus Auston Matthews in SEATTLE Kraken zone.
13:04 of 3rd period - Aleksander Barkov is hit by Jani Hakanpaa and loses puck.
13:27 of 3rd period - Shot by Auston Matthews.
13:27 of 3rd period - Stopped by Jordan Binnington without a rebound.
13:28 of 3rd period - Frederick Gaudreau wins face-off versus Trevor Zegras in WASHINGTON Capitals zone.
13:41 of 3rd period - Shot by Nick Jensen.
13:41 of 3rd period - Stopped by Logan Thompson without a rebound.
13:42 of 3rd period - Vincent Trocheck wins face-off versus Dryden Hunt in SEATTLE Kraken zone.
14:08 of 3rd period - Shot by Tim Stutzle.
14:08 of 3rd period - Shot Misses the Net.
14:46 of 3rd period - Shot by Jason Robertson.
14:46 of 3rd period - Stopped by Jordan Binnington without a rebound.
14:47 of 3rd period - Trevor Zegras wins face-off versus Frederick Gaudreau in WASHINGTON Capitals zone.
15:08 of 3rd period - Andrei Kuzmenko is hit by Brandon Hagel and loses puck.
15:43 of 3rd period - Jared McCann is hit by Trevor Zegras and loses puck.
16:04 of 3rd period - Shot by David Pastrnak.
16:04 of 3rd period - Deflect By Jason Robertson.
16:04 of 3rd period - Shot Misses the Net.
16:06 of 3rd period - Shot by Jani Hakanpaa.
16:06 of 3rd period - Stopped by Jordan Binnington without a rebound.
16:07 of 3rd period - Wyatt Johnston wins face-off versus Mikey Eyssimont in WASHINGTON Capitals zone.
16:10 of 3rd period - Shot by T.J. Oshie.
16:10 of 3rd period - Shot Misses the Net.
16:46 of 3rd period - Shot by Alex Ovechkin.
16:46 of 3rd period - Stopped by Jordan Binnington without a rebound.
16:47 of 3rd period - Aleksander Barkov wins face-off versus Jason Robertson in WASHINGTON Capitals zone.
16:47 of 3rd period - Aleksander Barkov is hit by Jason Robertson.
18:23 of 3rd period - Rasmus Dahlin is hit by Brandon Hagel and loses puck.
18:41 of 3rd period - Frederick Gaudreau is hit by Alex Ovechkin and loses puck.
19:18 of 3rd period - Icing by Moritz Seider.
19:19 of 3rd period - Dryden Hunt wins face-off versus Wyatt Johnston in SEATTLE Kraken zone.
19:27 of 3rd period - Icing by Moritz Seider.
19:28 of 3rd period - Wyatt Johnston wins face-off versus Aleksander Barkov in SEATTLE Kraken zone.
19:35 of 3rd period - Nikita Kucherov is hit by Alex Ovechkin and loses puck.
19:59 of 3rd period - Shot by Jared McCann.
19:59 of 3rd period - Shot Blocked by Moritz Seider.
Goals for this period are 1 for SEATTLE Kraken vs 5 for WASHINGTON Capitals.
Shots for this period are 8 for SEATTLE Kraken vs 12 for WASHINGTON Capitals.